 Dungeon Crawl Stone Soup version 0.23.2-30-g0e89c35649 (webtiles) character file.

Game seed: 3729635446009576274

1052 Kobolds4U the Cleaver (level 8, -1/64 HPs)
             Began as a Minotaur Fighter on June 22, 2019.
             Slain by an unseen horror (4 damage)
             ... on level 5 of the Dungeon.
             The game lasted 00:07:48 (4076 turns).

Kobolds4U the Cleaver (Minotaur Fighter)            Turns: 4076, Time: 00:07:49

Health: -1/64      AC: 14    Str: 22    XL:     8   Next: 5%
Magic:  7/7        EV:  4    Int:  5    God:
Gold:   349        SH:  9    Dex: 11    Spells: 7/7 levels left

rFire    . . .     SeeInvis .   a - +0 war axe
rCold    . . .     Gourm    .   c - +0 shield
rNeg     . . .     Faith    .   m - +2 plate armour
rPois    .         Spirit   .   (helmet restricted)
rElec    .         Reflect  .   (no cloak)
rCorr    .         Harm     .   l - +0 pair of gloves
MR       .....                  (no boots)
Stlth    ..........             (no amulet)
HPRegen  0.20/turn              (no ring)
MPRegen  0.10/turn              (no ring)

@: no status effects
A: retaliatory headbutt, horns 2
a: no special abilities


You were on level 5 of the Dungeon.
You were not hungry.

You visited 1 branch of the dungeon, and saw 5 of its levels.

You collected 349 gold pieces.

Inventory:

Hand Weapons
 a - a +0 war axe (weapon)
 k - a +0 whip of flaming
 q - a +1 whip of pain
Missiles
 C - 15 arrows
Armour
 c - a +0 shield (worn)
 l - a +0 pair of gloves (worn)
 m - a +2 plate armour (worn)
 t - a +1 chain mail of fire resistance
 F - the cursed +0 ring mail of Valiance {+Fly MR+ SInv, unknown}
   (You found it on level 5 of the Dungeon)

   It affects your resistance to hostile enchantments.
   It lets you see invisible.
   It lets you fly.
   It has a curse placed upon it.
Jewellery
 e - an uncursed ring of fire
 H - an uncursed ring of fire
Wands
 b - a wand of flame (16)
 x - a wand of polymorph (11)
 B - a wand of random effects (15)
Scrolls
 i - a scroll of fog
 n - a scroll of identify
 u - 2 scrolls of enchant weapon {unknown}
 w - a scroll of teleportation {unknown}
 y - a scroll of remove curse
 E - a scroll of brand weapon {unknown}
Potions
 d - 2 potions of might
 g - a potion of brilliance
 h - 2 potions of haste
 j - a potion of agility {unknown}
 o - 3 potions of curing {unknown}
 p - a potion of berserk rage {unknown}
 r - a potion of heal wounds {unknown}
 v - a potion of lignification {unknown}
 z - 2 potions of mutation {unknown}
 A - a potion of magic {unknown}
 G - a potion of invisibility {unknown}
Miscellaneous
 s - a box of beasts
Comestibles
 f - 8 rations
 D - 16 chunks of flesh


   Skills:
 - Level 3.6 Fighting
 + Level 11.3 Axes
 - Level 3.6 Armour
 - Level 3.6 Shields


You had 7 spell levels left.
You didn't know any spells.
Your spell library was empty.

Dungeon Overview and Level Annotations

Branches:
Dungeon (5/15)
 Temple: D:4-7

Altars:
Gozag
Sif Muna
Uskayaw
Vehumet

Shops:
D:4 }


Innate Abilities, Weirdness & Mutations

You reflexively headbutt those who attack you in melee.
You have a pair of horns on your head.


Message History

Something hits you but does no damage. Something hits you but does no damage.
You closely miss something. Your headbutt misses something.
Something hits you but does no damage. Something hits you.
Something hits you but does no damage.
You miss something.
Something hits you but does no damage. x2
You miss something. Something hits you but does no damage. Something hits you.
You block something's attack. Something hits you!
* * * LOW HITPOINT WARNING * * *
Something hits you.
* * * LOW HITPOINT WARNING * * *
Something hits you.
* * * LOW HITPOINT WARNING * * *
You barely miss something. Your headbutt misses something.
Something hits you but does no damage.
An adder comes into view.
You hit something. Something hits you.
* * * LOW HITPOINT WARNING * * *
Something hits you.
You die...

###..### ### #_.....#
..#### ###..### ....#
#....⌠# ### ...# ##..###
#.. #..# #...._# #.. #..#
#8..8### #..
#######..#####.....# #..
.......S÷{@....###.### #..
#######.######[###...####..
..##.######..####....#..
...#.....###÷# ####.#..
............# #.# #....
............# #(# ####.
..%.......(.###.###########
##<...............#........
##.................#######


You could see an adder.

Vanquished Creatures
  Duvessa (D:4)
  An orc warrior (D:4)
  2 ogres (D:4)
  Dowan (D:4)
  2 orc priests
  A hound (D:5)
  An iguana (D:4)
  4 orc wizards
  A bullfrog skeleton (D:4)
  A centaur skeleton (D:4)
  2 worker ants (D:4)
  Natasha (twice) (D:3)
  A killer bee zombie (D:5)
  A hound zombie (D:5)
  A gnoll (D:5)
  7 adders
  3 oozes
  An adder skeleton (D:4)
  A worm (D:3)
  3 dart slugs
  3 leopard geckos
  28 orcs
  6 bats
  6 giant cockroaches
  A goblin (D:1)
  7 hobgoblins
  13 jackals
  5 kobolds
  A quokka (D:2)
  4 ball pythons
  4 frilled lizards
  A jackal zombie (D:5)
  A leopard gecko skeleton (D:4)
  5 rats
122 creatures vanquished.

Notes
Turn   | Place    | Note
-------+----------+-------------------------------------------
     0 | D:1      | Kobolds4U the Minotaur Fighter began the quest for the Orb.
     0 | D:1      | Reached XP level 1. HP: 19/19 MP: 0/0
    93 | D:1      | Reached skill level 3 in Axes
    99 | D:1      | Reached XP level 2. HP: 24/26 MP: 1/1
   476 | D:1      | Reached skill level 4 in Axes
   816 | D:2      | Reached XP level 3. HP: 29/31 MP: 2/2
  1050 | D:2      | Reached skill level 5 in Axes
  1382 | D:2      | Reached XP level 4. HP: 39/39 MP: 3/3
  1622 | D:3      | Found an opulent altar of Gozag.
  2060 | D:3      | Reached skill level 6 in Axes
  2141 | D:3      | Noticed Natasha
  2159 | D:3      | Killed Natasha
  2159 | D:3      | Reached XP level 5. HP: 43/45 MP: 4/4
  2258 | D:3      | Noticed Natasha
  2262 | D:3      | Killed Natasha
  2378 | D:4      | Reached skill level 7 in Axes
  2428 | D:4      | Noticed an orc warrior
  2447 | D:4      | Killed an orc warrior
  2447 | D:4      | Reached skill level 8 in Axes
  2447 | D:4      | Reached XP level 6. HP: 36/51 MP: 5/5
  2690 | D:4      | Reached skill level 9 in Axes
  2723 | D:4      | Noticed Dowan
  2731 | D:4      | Reached XP level 7. HP: 27/57 MP: 6/6
  2741 | D:5      | Entered Level 5 of the Dungeon
  2972 | D:4      | Killed Dowan
  2972 | D:4      | Reached skill level 10 in Axes
  3098 | D:4      | Noticed Duvessa
  3112 | D:4      | HP: 2/57 [Duvessa/+0 short sword (1)]
  3118 | D:4      | Killed Duvessa
  3553 | D:4      | Found Midel's Gadget Boutique.
  3874 | D:5      | Reached skill level 11 in Axes
  3940 | D:5      | Got a slimy ring mail
  3986 | D:5      | Found a radiant altar of Vehumet.
  4001 | D:5      | Found a deep blue altar of Sif Muna.
  4002 | D:5      | Found a hide-covered altar of Uskayaw.
  4008 | D:5      | Reached XP level 8. HP: 63/64 MP: 7/7
  4076 | D:5      | HP: 3/64 [something (6)]
  4076 | D:5      | Slain by an unseen horror

Skill      XL: |  1  2  3  4  5  6  7 |
---------------+----------------------+-----
Axes           | 3 4 5 6 8 9 11 | 11.3
Fighting       | |  3.6
Armour         | |  3.6
Shields        | |  3.6

Action                   |  1- 3 |  4- 6 |  7- 9 || total
-------------------------+-------+-------+-------++-------
Melee: War axe           |    68 |   143 |    90 ||   301
       Headbutt          |     8 |    27 |    18 ||    53
       Unarmed           |       |       |     8 ||     8
  Use: Scroll            |       |     5 |       ||     5
       Potion            |       |       |     1 ||     1
 Stab: Confused          |       |       |     1 ||     1
  Eat: Chunk             |     2 |     4 |     4 ||    10
Armor: Scale mail        |    22 |       |       ||    22
       Plate armour      |       |    84 |    79 ||   163
Dodge: Dodged            |    24 |    21 |     8 ||    53
Block: Shield            |    36 |    78 |    42 ||   156
